 Dungeon Crawl Stone Soup version 0.27.1-4-g1640c2035a (webtiles) character file.

Game seed: 234622913625143404

770968 Daunt the Phalangite (level 27, -6/261 HPs)
             Began as a Merfolk Abyssal Knight on Oct 29, 2021.
             Was the Champion of Lugonu.
             Mangled by a tentacled monstrosity (9 damage)
             ... on level 5 of the Realm of Zot on Oct 31, 2021.
             The game lasted 08:38:29 (87641 turns).

Daunt the Phalangite (Merfolk Abyssal Knight)      Turns: 87641, Time: 08:38:30

Health: -6/261     AC: 30    Str: 15 (16) XL:     27
Magic:  0/37       EV: 10    Int: 31      God:    Lugonu [******]
Gold:   9699       SH:  0    Dex: 20      Spells: 2/46 levels left

rFire    + + .     SeeInvis +   a - +9 demon trident (distort)
rCold    + + .     Faith    .   E - +2 shield of Resistance {rF++ rC++ Will++}
rNeg     . . .     Spirit   .   f - +5 faerie dragon scales {rPois rCorr Int+8 Stlth-}
rPois    +         Reflect  .   S - +2 helmet {SInv}
rElec    .         Harm     .   v - +2 cloak
rCorr    +         Rampage  .   N - +0 pair of fencer's gloves {Riposte Dex+3}
Will     ++++.                  o - +1 pair of boots of Odoff {Int+3 Dex+3}
Stlth    ++++......             g - amulet of regeneration
HPRegen  1.53/turn              Z - +4 ring of protection
MPRegen  0.25/turn              U - +4 ring of slaying {=R}

@: unable to read, held, hasted, constricted, studying 4 skills, very quick
A: (nimble swimmer 2), mertail, clever 1, deterioration 1, robust 1, screaming
1, weak 1, wild magic 1, evolution 1
}: 5/15 runes: decaying, serpentine, slimy, silver, abyssal
a: Renounce Religion, Depart the Abyss, Bend Space, Banish, Corrupt, Enter the
Abyss


You were on level 5 of the Realm of Zot.
You worshipped Lugonu.
Lugonu was exalted by your worship.
You visited 11 branches of the dungeon, and saw 57 of its levels.
You visited the Abyss 3 times.
You also visited: Sewer and Ice Cave.

You collected 12310 gold pieces.
You spent 2611 gold pieces at shops.

Inventory:

Hand Weapons
 a - a +9 demon trident of distortion (weapon)
 b - a +9 trishula of holy wrath
Missiles
 d - 7 javelins
 r - 64 poisoned darts
 s - 9 throwing nets
 t - 3 silver javelins (quivered)
 w - 13 datura-tipped darts
 y - 27 boomerangs
 C - 23 silver boomerangs
 H - 15 curare-tipped darts
 J - 7 boomerangs of dispersal
 M - 23 atropa-tipped darts
 X - 1276 stones
Armour
 f - the +5 faerie dragon scales (worn) {rPois rCorr Int+8 Stlth-}
   (You took it off the Enchantress on level 4 of the Depths)

   Int:       It affects your intelligence (+8).
   rPois:     It protects you from poison.
   rCorr:     It protects you from acid and corrosion.
   Stlth:     It makes you less stealthy.
 o - the +1 pair of boots of Odoff (worn) {Int+3 Dex+3}
   (You found it on level 2 of the Lair of Beasts)

   Int:       It affects your intelligence (+3).
   Dex:       It affects your dexterity (+3).
 v - a +2 cloak (worn)
 E - the +2 shield of Resistance (worn) {rF++ rC++ Will++}
   (You found it on level 6 of the Lair of Beasts)

   rF:        It greatly protects you from fire.
   rC:        It greatly protects you from cold.
   Will:      It greatly increases your willpower.
 N - the +0 pair of fencer's gloves (worn) {Riposte Dex+3}
   (You acquired it on level 1 of the Realm of Zot)

   It allows the wearer to riposte with any weapon, or to riposte more often
   with a long blade, swiftly retaliating against a missed attack.
   Dex:       It affects your dexterity (+3).
 S - a +2 helmet of see invisible (worn)
Jewellery
 g - an amulet of regeneration (around neck)
 U - a +4 ring of slaying (right hand) {=R}
 Z - a +4 ring of protection (left hand)
Wands
 k - a wand of digging (31)
 l - a wand of paralysis (43)
 B - a wand of acid (52)
 F - a wand of mindburst (45)
Scrolls
 e - 10 scrolls of teleportation
 h - 3 scrolls of summoning
 j - 3 scrolls of blinking
 m - 7 scrolls of magic mapping
 A - 6 scrolls of fog
 I - 8 scrolls of fear
 R - 4 scrolls of silence
 W - 6 scrolls of immolation
Potions
 c - 5 potions of berserk rage
 p - 4 potions of invisibility
 q - 15 potions of haste
 u - 4 potions of mutation
 D - 2 potions of ambrosia
 G - 3 potions of heal wounds
 K - 9 potions of resistance
 O - 9 potions of might
 P - 10 potions of cancellation
 Q - 22 potions of curing
 V - 5 potions of attraction
Miscellaneous
 i - a phial of floods
 n - a box of beasts
 z - a phantom mirror
 L - a condenser vane
 T - a tin of tremorstones (2/2)
 Y - a lightning rod (4/4)


   Skills:
 - Level 24.0 Fighting
 + Level 26.6 Polearms
 - Level 16.0 Throwing
 + Level 14.8 Armour
 + Level 20.4 Dodging
 - Level 11.0 Stealth
 - Level 15.0 Shields
 - Level 10.0 Spellcasting
 - Level 23.0 Summonings
 - Level 15.5 Translocations
 - Level 4.0 Transmutations
 - Level 2.0 Earth Magic
 - Level 17.0 Invocations
 + Level 10.7 Evocations


You had 2 spell levels left.
You knew the following spells:

 Your Spells              Type           Power      Damage    Failure   Level
a - Lesser Beckoning      Tloc           49%        N/A       1%          3
b - Summon Horrible Thin  Summ           58%        N/A       4%          8
c - Dispersal             Tloc           49%        N/A       2%          6
f - Summon Forest         Summ/Tloc      54%        N/A       1%          5
h - Summon Hydra          Summ           58%        N/A       1%          7
m - Malign Gateway        Summ/Tloc      54%        N/A       2%          7
p - Passwall              Tmut/Erth      36%        N/A       3%          2
s - Shadow Creatures      Summ           N/A        N/A       1%          6

Your spell library contained the following spells:

 Spells                   Type           Power      Damage    Failure   Level
 Beastly Appendage        Tmut           100%       N/A       1%          1
 Blink                    Tloc           N/A        N/A       1%          2
 Call Imp                 Summ           100%       N/A       1%          2
 Wereblood                Tmut           51%        N/A       2%          2
 Sandblast                Erth           72%        2d16      3%          1
 Animate Skeleton         Necr           40%        N/A       7%          1
 Foxfire                  Conj/Fire      80%        2x1d8     7%          1
 Magic Dart               Conj           80%        1d7       7%          1
 Pain                     Necr           80%        1d8       7%          1
 Shock                    Conj/Air       80%        1d8       7%          1
 Corpse Rot               Necr/Air       N/A        N/A       10%         2
 Ensorcelled Hibernation  Hex/Ice        40%        N/A       10%         2
 Poisonous Vapours        Pois/Air       40%        N/A       10%         2
 Searing Ray              Conj           40%        3d4       10%         2
 Static Discharge         Conj/Air       20%        N/A       10%         2
 Sublimation of Blood     Necr           10%        N/A       10%         2
 Call Canine Familiar     Summ           100%       N/A       1%          3
 Gell's Gravitas          Tloc           49%        N/A       1%          3
 Portal Projectile        Hex/Tloc       100%       N/A       1%          3
 Teleport Other           Tloc           98%        N/A       1%          3
 Animate Armour           Summ/Erth      100%       N/A       1%          4
 Passage of Golubria      Tloc           N/A        N/A       1%          4
 Summon Lightning Spire   Summ/Air       85%        N/A       1%          4
 Manifold Assault         Tloc           98%        N/A       1%          5
 Iskenderun's Mystic Bla  Conj/Tloc      70%        2d14      3%          4
 Spider Form              Tmut/Pois      18%        N/A       9%          3
 Ignite Poison            Fire/Tmut/Pois 30%        N/A       12%         3
 Stone Arrow              Conj/Erth      56%        3d10      13%         3
 Conjure Flame            Conj/Fire      20%        6-21      17%         3
 Dazzling Flash           Conj/Hex       40%        N/A       17%         3
 Inner Flame              Hex/Fire       20%        N/A       17%         3
 Mephitic Cloud           Conj/Pois/Air  20%        N/A       17%         3
 Ozocubu's Armour         Ice            20%        N/A       17%         3
 Swiftness                Air            20%        N/A       17%         3
 Tukima's Dance           Hex            20%        N/A       17%         3
 Vampiric Draining        Necr           10%        2d7       17%         3
 Ice Form                 Ice/Tmut       36%        N/A       26%         4
 Blade Hands              Tmut           25%        N/A       30%         5
 Leda's Liquefaction      Hex/Erth       14%        N/A       34%         4
 Spellforged Servitor     Conj/Summ      42%        N/A       38%         7
 Airstrike                Air            10%        N/A       47%         4
 Cause Fear               Hex            10%        N/A       47%         4
 Dispel Undead            Necr           20%        3d11      47%         4
 Hailstorm                Conj/Ice       20%        3d6       47%         4
 Olgreb's Toxic Radiance  Pois           20%        N/A       47%         4
 Sticky Flame             Conj/Fire      20%        2d4       47%         4
 Disjunction              Tloc           49%        N/A       52%         8
 Alistair's Intoxication  Tmut/Pois      24%        N/A       54%         5
 Irradiate                Conj/Tmut      18%        3d19      54%         5
 Lee's Rapid Deconstruct  Erth           18%        3d12*     54%         5
 Yara's Violent Unravell  Hex/Tmut       18%        3d9       54%         5
 Borgnjor's Vile Clutch   Necr/Erth      14%        N/A       67%         5
 Bolt of Magma            Conj/Fire/Erth 12%        4d8       73%         5
 Excruciating Wounds      Necr           10%        N/A       82%         5
 Fireball                 Conj/Fire      10%        3d6       82%         5
 Freezing Cloud           Conj/Ice/Air   10%        6-21      82%         5
 Iskenderun's Battlesphe  Conj           20%        2d7       82%         5
 Lightning Bolt           Conj/Air       10%        1d23      82%         5
 Metabolic Englaciation   Hex/Ice        10%        N/A       82%         5
 Silence                  Hex/Air        10%        N/A       82%         5
 Statue Form              Tmut/Erth      29%        N/A       92%         6
 Eringya's Noxious Bog    Tmut/Pois      18%        N/A       97%         6
 Iron Shot                Conj/Erth      14%        9d4       99%         6
 Conjure Ball Lightning   Conj/Air       10%        3x3d6     100%        6
 Death Channel            Necr           10%        N/A       100%        6
 Simulacrum               Ice/Necr       10%        N/A       100%        6
 Starburst                Conj/Fire      10%        6d5       100%        6
 Orb of Destruction       Conj           10%        9d5       100%        7
 Ozocubu's Refrigeration  Ice            10%        4d7       100%        7
 Storm Form               Tmut/Air       18%        N/A       100%        7
 Discord                  Hex            10%        N/A       100%        8
 Ignition                 Fire           10%        3d5       100%        8
 Infestation              Necr           10%        N/A       100%        8
 Lehudib's Crystal Spear  Conj/Erth      14%        10d5      100%        8
 Maxwell's Capacitive Co  Air            10%        ∞         100%        8
 Chain Lightning          Conj/Air       10%        3d13      100%        9
 Polar Vortex             Ice            10%        N/A       100%        9
 Shatter                  Erth           18%        3d17*     100%        9


Dungeon Overview and Level Annotations

Branches:
Dungeon (15/15)            Temple (0/1) D:4            Lair (6/6) D:11
  Swamp (4/4) Lair:2        Snake (4/4) Lair:3        Slime (5/5) Lair:6
    Orc (2/2) D:10            Elf (3/3) Orc:2        Vaults (5/5) D:13
  Crypt (3/3) Vaults:2       Tomb (0/3) Crypt:3      Depths (5/5) D:15
    Zot (5/5) Depths:5      Sewer (visited)           IceCv (visited)

Altars:
Cheibriados
Dithmenos
Elyvilon
Fedhas
Gozag
Hepliaklqana
Kikubaaqudgha
Makhleb
Nemelex Xobeh
Okawaru
Qazlal
Sif Muna
Trog
Uskayaw
Vehumet
Wu Jian
Xom
Yredelemnul
Zin
The Shining One
Beogh
Jiyva

Shops:
D:5 !   D:13 (   Orc:1 ?   Orc:2 ([*:   Snake:1 (   Snake:2 *   Vaults:3 =
Vaults:4 (   Depths:1 :=:   Depths:4 *

Portals:
Hell: Depths:1 Depths:2 Depths:3 Depths:4 Depths:5
Abyss: Depths:1 Depths:4 Depths:5
Pandemonium: Depths:1 Depths:3 Depths:5
Ziggurat: Depths:3

Annotations:
Lair:6 corrupted
Orc:1 2 runed translucent doors +10 tower shield, exclusion: orange crystal statue
Vaults:5 corrupted
Zot:5 corrupted
Abyss:1 Rupert


Innate Abilities, Weirdness & Mutations

((You are quick and stealthy near water. (Stealth+, EV+, Speed+++)))
Your lower body shifts to a powerful aquatic tail in water.
Your mind is acute. (Int +2)
Your body sometimes deteriorates upon taking damage.
You are robust. (+10% HP)
You occasionally shout uncontrollably at your foes.
You are weak. (Str -2)
Your spells are a little harder to cast, but a little more powerful.
You evolve.


Message History

The white draconian knight seems to speed up.
The Orb Guardian hits you!!
* * * LOW HITPOINT WARNING * * *
The red draconian hits the large abomination with a +0 scimitar!!
The starcursed mass touches the death drake.
The swamp drake closely misses the smoke demon.
Something karate-kicks the lich!
The starspawn tentacle loses its grip on the purple draconian shifter.
The tentacle pulls the purple draconian shifter backwards!
The tentacled starspawn completely misses the lindwurm.
The tentacled starspawn tentacle-slaps the lindwurm.
The wight hits the Orb Guardian but does no damage.
The smoke demon hits the Orb Guardian.
The smoke demon hits the Orb Guardian but does no damage.
The smoke demon barely misses the Orb Guardian.
The tentacled monstrosity tentacle-slaps the wight. x3
The tentacled monstrosity grabs the wight.
The tentacled monstrosity constricts the wight!
The wight is destroyed!
The purple draconian stormcaller completely misses the worldbinder.
The lich touches something but does no damage.
Unknown command.
Unknown command.
You feel much better. The Orb Guardian hits you!!
* * * LOW HITPOINT WARNING * * *
The ghost moth stares at you.
The white draconian hits you but does no damage.
The lindwurm bites the iron imp but does no damage.
The lindwurm claws the iron imp but does no damage. x2
The starspawn tentacle grabs the purple draconian shifter.
The starspawn tentacle constricts the purple draconian shifter.
The worldbinder closely misses something.
The worldbinder hits something.
The white draconian knight mumbles some strange words.
The white draconian knight flickers and vanishes for a moment.
The green draconian barely misses the large abomination. x2
The small abomination completely misses the lindwurm.
The tentacled monstrosity tentacle-slaps you but does no damage. x2
The tentacled monstrosity tentacle-slaps you!
You die...

##.../.......,^,,^,,*
#...^..^.....,,,,,,,,
#qw.........D,,,,,,,,
#.w│..##.^...,,,,,,,,
#.xX.#Ddddy..,,,,,,,,
#.#k.qd..dd.^,,,,,,,,
#.5k#q.pd*.§z,,,,,,^,
##kXX#qy#q.#.,,,,,,,#
##3@XDyDXd.^,,,,,,*#
▓.#d*Xq#d...,,,.....
▓ ▓▓8.Xd###****▓▓▓▓▓
**,L.X#Xk.,,,,,,,**
**,,..XXXX.,,,,,,,,^
**,,,..X.d#x,,,,^,,,,
*,,,,.#..q.q,,,,,,^,,
*,,,,......k,,,,,,,,,
**,,,,,,,,,,,,,,,,,,,


You could see 2 orbs of fire, a Killer Klown, an electric golem, 2 tentacled
monstrosities, a black draconian monk, 2 draconians, 2 storm dragons, a black
draconian, 2 draconians, a green draconian, 4 draconians, 2 draconians, a white
draconian, 2 draconians, a quicksilver dragon, 3 draconians, 3 Orb Guardians, 2
death drakes, a ghost moth (invisible), 2 lindwurms, 2 moths of wrath, a swamp
drake (summoned), 6 neutral starcursed masses, a neutral tentacled starspawn
(summoned), a neutral lich (summoned), 2 neutral large abominations, a neutral
worldbinder (summoned), a neutral smoke demon (summoned), a neutral small
abomination (summoned), 2 neutral starspawn tentacles and a neutral iron imp
(summoned).

Vanquished Creatures
  the Royal Jelly (Slime:5)
  A dread lich (Crypt:2)
  An ancient lich (Vaults:5)
  2 orbs of fire
  Mara (Swamp:4)
  4 juggernauts
  3 royal mummies (Crypt:2)
  Saint Roka (Vaults:4)
  A curse toe (Zot:3)
  2 caustic shrikes (Depths:3)
  10 golden dragons
  Jory (Vaults:5)
  The ghost of Ciomar the Warrior, an adept DgCj (Depths:2)
  Nikola (Swamp:1)
  the Enchantress (Depths:4)
  3 bone dragons
  14 tentacled monstrosities
  An Ice Fiend (IceCv)
  Jorgrun (D:12)
  2 hellephants (Depths:2)
  The ghost of Sianeop the Warrior, an adept GrFi of Cheibriados (Vaults:4)
  11 liches
  4 Orb Guardians (Zot:5)
  2 deep elf blademasters
  2 Hell Sentinels (Abyss:3)
  3 titans
  7 quicksilver dragons
  13 sphinxes
  7 ancient champions
  16 acid blobs
  A deep elf master archer (Elf:3)
  6 death cobs
  22 tentacled starspawn
  Gastronok (D:8)
  3 thorn hunters
  10 tengu reavers
  6 revenants
  15 storm dragons
  6 shadow dragons
  2 draconian monks
  7 rockslimes
  8 azure jellies
  Donald (Swamp:1)
  A fire giant (shapeshifter) (Vaults:4)
  Roxanne (D:14)
  5 nagarajas
  8 fire giants
  The ghost of SomeStars the Transmogrifier, an adept OpTm of Ru (Snake:2)
  20 vault wardens
  A ghost moth (Zot:2)
  14 frost giants
  6 deep elf sorcerers
  4 draconian stormcallers
  A cacodemon (Abyss:3)
  3 draconian scorchers (Zot:1)
  6 iron dragons
  2 draconian shifters
  An angel (Abyss:3)
  12 ironbound preservers
  A reaper (Crypt:2)
  4 curse skulls
  3 draconian annihilators
  3 war gargoyles (Vaults:5)
  An ophan (Abyss:3)
  10 deep elf elementalists
  The ghost of Kuerar the Basher, a journeyman BaFi of Cheibriados (Lair:4)
  3 ghouls
  4 spriggan defenders
  A caustic shrike zombie (Depths:3)
  23 very ugly things
  12 quicksilver oozes
  A caustic shrike skeleton (Crypt:3)
  11 stone giants
  A juggernaut skeleton (Depths:2)
  5 black draconians
  3 green draconians
  4 deep elf demonologists
  A lorocyproca (Abyss:3)
  3 dire elephants
  An entropy weaver (shapeshifter) (Abyss:3)
  2 red draconians (Zot:3)
  3 white draconians
  7 deep elf annihilators
  6 bunyips
  9 vampire knights
  2 purple draconians
  4 spark wasps
  3 yellow draconians
  11 deep elf death magi
  3 eidola
  7 eleionomae
  9 jiangshi
  14 ettins
  A crystal guardian (Vaults:2)
  A green death (Abyss:3)
  19 fire dragons
  3 merfolk impalers
  2 mummy priests (Crypt:2)
  13 yaktaur captains
  4 deep elf high priests (Elf:3)
  A shambling mangrove (Swamp:3)
  14 great orbs of eyes
  11 ice dragons
  A caustic shrike simulacrum (IceCv)
  24 hydras
  7 ironbound thunderhulks
  A ghost crab (Swamp:4)
  3 salamander tyrants (Snake:4)
  41 vault guards
  16 naga warriors
  A boulder beetle (D:13)
  8 centaur warriors
  An ogre mage (Vaults:5)
  A spectral shadow dragon (Vaults:4)
  9 rakshasas
  4 ironbound frosthearts
  2 peacekeepers
  2 catoblepae
  8 spriggan air magi
  24 anacondas
  3 death knights
  10 death yaks
  7 tengu warriors
  4 two-headed ogres
  10 deep troll shamans
  6 hell hogs
  11 deep troll earth magi
  6 orc high priests
  3 ironbound beastmasters
  5 vampire magi
  28 dancing weapons
  28 thrashing horrors
  8 spriggan berserkers
  19 naga sharpshooters
  6 alligators
  10 hell knights
  A titan zombie (Abyss:2)
  8 shock serpents
  2 soul eaters
  3 sun demons
  Sonja (Lair:3)
  17 deep elf knights
  10 wretched stars (Abyss:3)
  5 salamander mystics (Snake:4)
  3 shadow wraiths
  6 spatial maelstroms (Abyss:3)
  5 goliath frogs
  A spectral yaktaur (Vaults:4)
  5 sixfirhies (Abyss:3)
  2 cherubim (Abyss:3)
  A spectral entropy weaver (Vaults:4)
  A golden dragon zombie (Depths:2)
  A quicksilver dragon simulacrum (Crypt:2)
  8 iron trolls
  97 starcursed masses
  2 gelid demonspawn (Depths:3)
  25 skeletal warriors
  44 deep trolls
  3 storm dragon skeletons
  7 glowing orange brains
  5 sea snakes
  An infernal demonspawn (Depths:3)
  5 spriggan druids
  19 flayed ghosts
  A death drake (Abyss:3)
  A shadow demon (Abyss:3)
  9 swamp dragons
  20 ironbound convokers
  5 wizards
  Pikel (D:8)
  A glowing orange brain (shapeshifter) (Elf:1)
  A golden dragon skeleton (Depths:2)
  An obsidian statue (IceCv)
  4 naga ritualists
  7 necromancers
  2 tengu zombies
  8 bog bodies
  41 large abominations
  6 harpies
  2 sphinx zombies (Depths:2)
  2 anaconda skeletons
  6 lindwurms
  12 deep elf archers
  19 phantasmal warriors
  A goliath frog zombie (Crypt:3)
  8 orc knights
  6 oklob plants (Lair:5)
  27 deep elf pyromancers
  18 deep elf zephyrmancers
  5 manticores
  2 shining eyes (shapeshifter)
  A shadow dragon skeleton (Depths:2)
  3 wolf spiders
  A harpy (shapeshifter) (Vaults:3)
  4 will-o-the-wisps
  A mana viper (shapeshifter) (Depths:5)
  11 mana vipers
  7 orc sorcerers
  A wolf spider zombie (Crypt:2)
  2 shining eyes
  9 cyclopes
  2 spectral ettins (Vaults:4)
  12 worldbinders
  A manticore (shapeshifter) (Vaults:5)
  21 salamanders
  51 ugly things
  16 moths of wrath
  3 fire giant zombies
  2 tengu skeletons
  16 vault sentinels
  2 frost giant skeletons
  A guardian serpent (shapeshifter) (Depths:5)
  A black mamba (shapeshifter) (D:15)
  A titan simulacrum (Crypt:2)
  2 fire giant skeletons
  20 smoke demons (Abyss:3)
  4 elephants
  Maurice (D:8)
  24 black mambas
  A dire elephant zombie (Crypt:1)
  An eleionoma skeleton (Crypt:1)
  5 apocalypse crabs (Abyss:3)
  2 eyes of devastation
  14 cane toads
  23 naga magi
  8 gargoyles
  14 guardian serpents
  5 torpor snails (Lair:6)
  An alligator snapping turtle zombie (Crypt:3)
  A yellow draconian zombie (Crypt:3)
  5 kobold demonologists
  A yaktaur (shapeshifter) (Vaults:5)
  An emperor scorpion zombie (Crypt:3)
  5 rime drakes
  11 komodo dragons
  An orange demon (Abyss:3)
  14 freezing wraiths
  2 nameless horrors
  6 unseen horrors
  52 yaktaurs
  A demonic crawler (Abyss:3)
  An elf skeleton (Vaults:5)
  6 entropy weaver simulacra (IceCv)
  2 tormentors
  3 tengu conjurers
  An anaconda simulacrum (IceCv)
  A spectral glowing shapeshifter (Vaults:4)
  A catoblepas skeleton (Crypt:2)
  5 efreet
  A komodo dragon (shapeshifter) (D:13)
  8 ice devils
  7 ancient zymes
  12 trolls
  A black draconian skeleton (Crypt:2)
  8 hellwings
  A queen bee (Lair:4)
  A golden dragon simulacrum (IceCv)
  A merfolk (D:15)
  A meliai (Lair:4)
  A troll (shapeshifter) (D:14)
  30 hornets
  14 tyrant leeches
  2 spectral humans (Vaults:4)
  32 blink frogs
  A spriggan zombie (Depths:2)
  An ettin zombie (Depths:2)
  41 raiju
  A fire dragon zombie (Crypt:1)
  A raiju (shapeshifter) (Vaults:5)
  92 slime creatures
  A stone giant simulacrum (Vaults:4)
  2 dream sheep (D:8)
  3 air elementals (Elf:1)
  9 spriggan simulacra
  18 flying skulls
  2 shadows
  8 water elementals
  A spriggan skeleton (Depths:2)
  13 ynoxinuls
  2 tarantellas (shapeshifter)
  24 spriggans
  Sigmund (D:2)
  2 dire elephant simulacra (IceCv)
  2 vampires
  5 wyverns
  43 yaks
  7 wraiths
  2 steam dragons
  8 golden eyes
  5 basilisks
  7 chaos spawn
  8 minotaur simulacra (IceCv)
  4 fire elementals
  5 neqoxecs
  A yaktaur simulacrum (Vaults:5)
  A human zombie (Depths:2)
  2 wargs (Orc:1)
  7 vampire mosquitoes
  13 swamp worms
  2 harpy simulacra (IceCv)
  6 acid dragons
  45 nagas
  6 spatial vortices (Abyss:3)
  Duvessa (D:6)
  4 hell hounds (Abyss:3)
  4 human skeletons
  A merfolk skeleton (Crypt:3)
  45 small abominations
  A water moccasin (shapeshifter) (Vaults:5)
  10 water moccasins
  An alligator simulacrum (IceCv)
  4 floating eyes
  2 hornet zombies (D:8)
  12 swamp drakes
  A cane toad skeleton (Crypt:2)
  37 orc warriors
  An ice beast (D:7)
  A sky beast (D:7)
  3 black bears
  A black bear (shapeshifter) (D:12)
  5 necrophages
  A snapping turtle skeleton (Abyss:3)
  4 ettin simulacra
  A lindwurm zombie (Crypt:1)
  An ice dragon simulacrum (Abyss:3)
  5 ogres
  14 wolves
  13 centaurs
  A phantom (D:5)
  8 kobold brigands
  A hog skeleton (Crypt:2)
  16 bullfrogs
  3 gnoll sergeants
  A scorpion (D:6)
  3 human simulacra
  3 wyvern zombies
  5 earth elementals
  5 deep troll simulacra (IceCv)
  Dowan (D:6)
  A glowing shapeshifter simulacrum (Vaults:4)
  A salamander skeleton (Crypt:2)
  A water moccasin zombie (D:7)
  A warg zombie (Crypt:1)
  A wyvern skeleton (D:7)
  A water moccasin skeleton (D:5)
  9 wights
  13 killer bees
  3 lindwurm simulacra (IceCv)
  A yak skeleton (Crypt:1)
  4 howler monkeys
  3 electric eels
  A bullfrog zombie (D:5)
  6 centaur zombies
  A jelly (Abyss:3)
  2 quasits
  18 orc priests
  2 gnoll shamans
  3 hounds
  7 iron imps
  A centaur skeleton (D:6)
  6 iguanas
  34 orc wizards
  A deep dwarf zombie (Crypt:1)
  2 killer bee zombies
  An ogre zombie (Crypt:3)
  A naga zombie (Crypt:3)
  A hound zombie (D:5)
  2 hound skeletons (D:4)
  A howler monkey zombie (D:7)
  A gnoll (shapeshifter) (Vaults:5)
  10 gnolls
  A swamp drake zombie (Crypt:3)
  12 adders
  A river rat (D:4)
  2 shadow imps
  3 white imps
  7 ufetubi
  An adder skeleton (D:4)
  3 worms
  3 dart slugs
  79 orcs
  8 bats
  9 endoplasms
  4 giant cockroaches
  3 goblins
  9 hobgoblins
  9 jackals
  20 kobolds
  4 quokkas
  A river rat zombie (Crypt:2)
  11 ball pythons
  A ball python zombie (Crypt:1)
  A dart slug zombie (Crypt:2)
  6 frilled lizards
  6 rats
  A briar patch (Swamp:4)
  2 lurking horrors
  26 starspawn tentacles
2887 creatures vanquished.

Vanquished Creatures (collateral kills)
  3 ancient liches
  An orb of fire (Zot:5)
  Mennas (Vaults:5)
  Vashnia (Snake:4)
  A tentacled monstrosity (Zot:5)
  A lich (Crypt:3)
  An Orb Guardian (Zot:5)
  A quicksilver dragon (Zot:5)
  3 acid blobs
  4 azure jellies
  2 rockslimes
  A fire giant (Depths:4)
  A deep elf elementalist (Elf:3)
  Aizul (Snake:1)
  A ghost moth (Zot:5)
  A stone giant (Depths:5)
  A quicksilver ooze (Slime:5)
  A purple draconian (Zot:5)
  2 deep elf annihilators (Elf:3)
  A great orb of eyes (Slime:3)
  A vault guard (Vaults:4)
  A dancing weapon (Elf:3)
  A deep troll earth mage (Depths:5)
  A tengu warrior (Depths:5)
  A glowing orange brain (Slime:5)
  A mana viper (Snake:4)
  A deep elf pyromancer (Elf:3)
  A guardian serpent (Abyss:3)
  11 slime creatures
  A basilisk (shapeshifter) (Vaults:5)
  A golden eye (Slime:2)
  A naga (Snake:1)
  4 starcursed masses (Abyss:3)
55 creatures vanquished.

Vanquished Creatures (others)
  4 eldritch tentacles
  A hell hog (Depths:2)
  5 death yaks (Lair:6)
  A vampire mage (Crypt:1)
  A naga sharpshooter (Snake:2)
  A spriggan berserker (Swamp:4)
  2 deep elf knights (Elf:3)
  A deep troll (Vaults:5)
  A bog body (IceCv)
  2 wizards
  A deep elf pyromancer (Elf:3)
  A deep elf zephyrmancer (Elf:2)
  A bloated husk (Swamp:1)
  A hornet (Swamp:4)
  A dream sheep (shapeshifter) (Vaults:5)
  A flying skull (Abyss:3)
  A spriggan (Swamp:4)
  A shadow (D:13)
  A warg (Vaults:5)
  3 vampire mosquitoes
  A spatial vortex (Abyss:3)
  An acid dragon (Lair:6)
  An orc warrior (Vaults:5)
  An ogre (Vaults:5)
  A nameless horror (Slime:1)
  A small abomination (Abyss:3)
  An orc wizard (Orc:2)
  An orc (Orc:2)
  A briar patch (Swamp:4)
  2 demonic plants (Abyss:3)
  18 foxfires
  23 fungi
  3 lurking horrors (Abyss:3)
  115 plants
  2 snaplasher vines
  54 starspawn tentacles
257 creatures vanquished.

Grand Total: 3199 creatures vanquished

Notes
Turn   | Place    | Note
-------+----------+-------------------------------------------
     0 | Abyss:1  | Daunt the Merfolk Abyssal Knight began the quest for the
                  | Orb.
     0 | Abyss:1  | Reached XP level 1. HP: 18/18 MP: 2/2
    38 | Abyss:1  | Noticed a small abomination
    47 | D:1      | Escaped the Abyss
   127 | D:1      | Reached XP level 2. HP: 21/24 MP: 3/3
   227 | D:1      | Reached * piety under Lugonu
   228 | D:1      | Reached skill level 4 in Polearms
   597 | D:1      | Reached XP level 3. HP: 29/30 MP: 4/4
   979 | D:2      | Found a faded altar of an unknown god.
   983 | D:2      | Noticed Sigmund
  1178 | D:2      | Reached skill level 5 in Polearms
  1239 | D:2      | Reached XP level 4. HP: 37/37 MP: 5/5
  1317 | D:2      | Reached ** piety under Lugonu
  2619 | D:3      | Reached skill level 6 in Polearms
  2889 | D:4      | Reached XP level 5. HP: 9/43 MP: 6/6
  3000 | D:4      | Found an iron altar of Okawaru.
  3160 | D:4      | Found a snail-covered altar of Cheibriados.
  3181 | D:4      | Found a burning altar of Makhleb.
  3188 | D:4      | Reached *** piety under Lugonu
  3189 | D:4      | Reached skill level 7 in Polearms
  3189 | D:4      | Reached skill level 1 in Stealth
  3204 | D:4      | Identified the +8 mace of Ethrael {vorpal, rPois rC+ Int+2}
  3273 | D:4      | Reached XP level 6. HP: 40/49 MP: 7/7
  3304 | D:4      | Found a glowing drain.
  3331 | Sewer    | Entered a sewer
  4562 | D:4      | Found a staircase to the Ecumenical Temple.
  4842 | D:5      | Entered Level 5 of the Dungeon
  4851 | D:5      | Found a white marble altar of Elyvilon.
  4906 | D:5      | Reached skill level 5 in Fighting
  4906 | D:5      | Reached skill level 1 in Armour
  4910 | D:5      | Noticed a water moccasin
  4919 | D:5      | Killed a water moccasin
  4920 | D:5      | Reached skill level 8 in Polearms
  4920 | D:5      | Reached XP level 7. HP: 56/56 MP: 8/8
  5226 | D:5      | Found Hebipner's Distillery.
  5426 | D:5      | Reached skill level 9 in Polearms
  5515 | D:5      | Found a shadowy altar of Dithmenos.
  5843 | D:5      | Found an ancient bone altar of Kikubaaqudgha.
  5916 | D:5      | Reached XP level 8. HP: 63/64 MP: 9/9
  5990 | D:5      | Reached skill level 10 in Polearms
  6209 | D:5      | Bought a potion of degeneration for 14 gold pieces
  6329 | D:6      | Reached **** piety under Lugonu
  6872 | D:6      | Found a radiant altar of Vehumet.
  6895 | D:6      | Found an ornate altar of the Wu Jian Council.
  7735 | D:7      | Noticed a wyvern
  7747 | D:7      | Killed a wyvern
  7748 | D:7      | Reached skill level 11 in Polearms
  8566 | D:7      | Noticed Duvessa
  8566 | D:7      | Noticed Dowan
  8613 | D:6      | Killed Duvessa
  8621 | D:6      | Killed Dowan
  8622 | D:6      | Reached XP level 9. HP: 29/72 MP: 10/10
  8922 | D:7      | Reached skill level 12 in Polearms
  9066 | D:7      | Noticed a two-headed ogre
  9066 | D:7      | Noticed a gargoyle
  9159 | D:7      | Found a sparkling altar of Nemelex Xobeh.
  9294 | D:7      | Reached skill level 5 in Stealth
  9478 | D:7      | Noticed a centaur warrior
 10002 | D:7      | Reached skill level 13 in Polearms
 10196 | D:7      | Killed a centaur warrior
 10197 | D:7      | Reached skill level 14 in Polearms
 10597 | D:7      | Reached XP level 10. HP: 63/83 MP: 11/11
 10755 | D:7      | Reached skill level 1 in Evocations
 10886 | D:8      | Noticed Gastronok
 11800 | D:8      | Identified the ring "Tagiust" {rPois rC- Will+ Dex+10
                  | Stlth-}
 11969 | D:8      | Reached skill level 5 in Dodging
 11975 | D:8      | Noticed a three-headed hydra
 12110 | D:8      | Reached skill level 1 in Shields
 12689 | D:8      | Found a basalt altar of Yredelemnul.
 12928 | D:8      | Reached skill level 5 in Invocations
 13024 | D:7      | Killed a one-headed hydra
 13359 | D:8      | Reached XP level 11. HP: 75/90 MP: 15/15
 13566 | D:8      | Found a glowing silver altar of Zin.
 13640 | D:8      | Noticed Maurice
 14103 | D:8      | Noticed Grum
 14104 | D:8      | Noticed Grum
 14104 | D:8      | Grum changed into Grum the howler monkey
 14115 | D:8      | Killed Grum the howler monkey
 14138 | D:8      | Noticed Pikel
 14156 | D:8      | Killed Pikel
 14947 | D:8      | Reached ***** piety under Lugonu
 15628 | D:9      | Reached skill level 5 in Shields
 15728 | D:9      | Found a glowing golden altar of the Shining One.
 16626 | D:10     | Entered Level 10 of the Dungeon
 16635 | D:10     | Found a staircase to the Orcish Mines.
 16709 | D:10     | Found a hide-covered altar of Uskayaw.
 16710 | D:10     | Noticed a +0 dagger
 16710 | D:10     | Noticed a +0 short sword
 16723 | D:10     | Noticed a +0 falchion
 16723 | D:10     | Noticed a +0 spear
 16742 | D:10     | Noticed a +0 dagger
 16742 | D:10     | Noticed a +0 falchion
 16742 | D:10     | Noticed a +0 spear
 16745 | D:10     | Noticed a +0 short sword
 16906 | D:10     | Found a blossoming altar of Fedhas.
 16940 | D:10     | Found a stormy altar of Qazlal.
 16998 | D:10     | Noticed a two-headed ogre
 17011 | D:10     | Killed a two-headed ogre
 17177 | D:10     | HP: 4/90 [acid (12)]
 17347 | D:10     | Noticed a cyclops
 17373 | D:10     | Reached XP level 12. HP: 88/97 MP: 17/17
 17472 | D:10     | Reached skill level 10 in Shields
 18243 | D:11     | Found a staircase to the Lair.
 18752 | Lair:1   | Entered Level 1 of the Lair of Beasts
 19174 | Lair:1   | Noticed a seven-headed hydra
 19195 | Lair:1   | Killed a seven-headed hydra
 19281 | Lair:1   | Noticed a five-headed hydra
 19289 | Lair:1   | Killed a five-headed hydra
 19290 | Lair:1   | Reached XP level 13. HP: 76/103 MP: 19/19
 19359 | Lair:1   | Reached skill level 5 in Throwing
 19853 | Lair:2   | Found a staircase to the Swamp.
 20048 | Lair:2   | Identified the +1 pair of boots of Odoff {Int+3 Dex+3}
 20403 | D:5      | Bought 2 potions of cancellation for 224 gold pieces
 20403 | D:5      | Bought a potion of ambrosia for 112 gold pieces
 21376 | Lair:3   | Found a staircase to the Snake Pit.
 21465 | Lair:3   | Noticed Sonja
 21883 | Lair:3   | Killed Sonja
 21884 | Lair:3   | Reached skill level 10 in Throwing
 22131 | Lair:3   | Reached ****** piety under Lugonu
 22485 | Lair:4   | Noticed Kuerar's ghost (journeyman BaFi)
 22492 | Lair:4   | Found a transporter.
 22497 | Lair:4   | Found a transporter.
 22747 | Lair:4   | Identified the amulet "Gasitzue" {Spirit +Inv rF- rC+
                  | Will+++}
 22887 | Lair:4   | Reached XP level 14. HP: 36/109 MP: 6/20
 24627 | Lair:5   | Reached skill level 5 in Evocations
 25097 | Lair:6   | Entered Level 6 of the Lair of Beasts
 25778 | Lair:6   | Found a staircase to the Slime Pits.
 25778 | Lair:6   | Found a viscous altar of Jiyva.
 26117 | Lair:6   | Corrupted Lair:6
 26118 | Lair:6   | Noticed an Executioner
 26122 | Lair:6   | Noticed a starcursed mass
 26660 | Lair:6   | Identified the +1 leather armour of the Saviour {Int+3}
 26775 | Lair:6   | Found the +2 shield of Resistance {rF++ rC++ Will++}
 28060 | Lair:6   | Found a runed translucent door.
 28434 | Lair:6   | Identified the +6 scale mail "Fankuj" {Rampage rPois rC++}
 28835 | Lair:5   | Reached XP level 15. HP: 104/115 MP: 21/21
 28877 | Lair:5   | Got Sif Muna's Almanac of the Voyage
 29545 | Lair:4   | Killed Kuerar's ghost
 29880 | D:2      | Killed Sigmund
 30055 | D:8      | Killed Gastronok
 30067 | D:8      | Killed Maurice
 30890 | D:12     | Noticed Jorgrun
 30934 | D:12     | Killed Jorgrun
 31190 | D:13     | Found a gate to the Vaults.
 31453 | D:13     | Reached skill level 10 in Invocations
 31770 | D:13     | Found Iffud's Weapon Boutique.
 32524 | D:14     | Noticed Roxanne
 33092 | D:14     | Killed Roxanne
 33104 | D:15     | Entered Level 15 of the Dungeon
 33144 | D:15     | Found an opulent altar of Gozag.
 33195 | D:15     | Reached XP level 16. HP: 118/122 MP: 23/23
 33636 | D:15     | Found a staircase to the Depths.
 33955 | Orc:1    | Entered Level 1 of the Orcish Mines
 33955 | Orc:1    | Found Tolete's Magic Scroll Emporium.
 33982 | Orc:1    | Bought a scroll of identify for 30 gold pieces
 33982 | Orc:1    | Bought a scroll of fear for 52 gold pieces
 33982 | Orc:1    | Bought a scroll of teleportation for 45 gold pieces
 33982 | Orc:1    | Bought a scroll of teleportation for 45 gold pieces
 33982 | Orc:1    | Bought a scroll of fog for 30 gold pieces
 33982 | Orc:1    | Identified 2 scrolls of acquirement
 33985 | Orc:1    | Bought a scroll of identify for 30 gold pieces
 33985 | Orc:1    | Bought a scroll of identify for 30 gold pieces
 34297 | Orc:1    | Found a runed translucent door.
 34301 | Orc:1    | Found the +10 tower shield of Ignorance {rN+ Int-4}
 34332 | Orc:1    | You fall into a shaft and drop 1 floor!
 34332 | Orc:2    | Entered Level 2 of the Orcish Mines
 34405 | Orc:2    | Reached skill level 15 in Throwing
 34412 | Orc:2    | Reached skill level 15 in Shields
 34503 | Orc:2    | Noticed Rupert
 34796 | Orc:1    | Found a runed translucent door.
 35086 | Orc:2    | Banished Rupert
 35389 | Orc:2    | Found Jupilead's Antique Armour Shoppe.
 35390 | Orc:2    | Found Hoyhiav's Antique Weapon Shoppe.
 35392 | Orc:2    | Found Zegeg's General Store.
 35392 | Orc:2    | Found Siemac Giski's Book Emporium.
 35397 | Orc:2    | Bought a scroll of identify for 24 gold pieces
 35550 | Orc:2    | Found a staircase to the Elven Halls.
 35779 | Orc:1    | Acquired a +0 demon trident of electrocution
 35843 | Orc:2    | Bought a scroll of enchant weapon for 90 gold pieces
 35902 | Orc:1    | Bought a scroll of teleportation for 45 gold pieces
 35980 | D:14     | Acquired a manual of Invocations
 36283 | Snake:1  | Entered Level 1 of the Snake Pit
 36357 | Snake:1  | Reached skill level 10 in Fighting
 36500 | Snake:1  | Noticed Aizul
 36527 | Snake:1  | Killed Aizul
 36796 | Snake:1  | Found Tezelymo's Antique Weapon Shop.
 36879 | Snake:1  | Identified the +1 shortbow of Qethratzi {freeze, rF+}
 37099 | Snake:2  | Found a runed translucent door.
 37099 | Snake:2  | Found a shimmering altar of Xom.
 37099 | Snake:2  | Identified the +4 battleaxe of Ykedujuech {chaos, rPois
                  | Str+2 SInv Stlth+}
 37099 | Snake:2  | Noticed SomeStars's ghost (adept OpTm)
 37112 | Snake:2  | Found a frozen archway.
 37138 | IceCv    | Entered an ice cave
 37392 | IceCv    | Reached XP level 17. HP: 119/131 MP: 26/26
 37817 | IceCv    | Noticed an Ice Fiend
 37854 | IceCv    | Killed an Ice Fiend
 38156 | Snake:2  | Found a shimmering altar of Xom.
 38243 | Snake:2  | Identified the +1 scale mail of Elyvilon's Benevolence
                  | {Will+ Str+4 Stlth+}
 38496 | Snake:2  | Found Caoxt's Overcharged Wands.
 39051 | Snake:3  | Reached skill level 15 in Invocations
 39888 | Snake:4  | Entered Level 4 of the Snake Pit
 40241 | Snake:4  | Noticed Vashnia
 40512 | Snake:4  | Reached XP level 18. HP: 135/146 MP: 23/29
 40529 | Snake:4  | Reached skill level 5 in Armour
 41008 | Snake:4  | Killed Vashnia
 41009 | Snake:4  | Reached skill level 15 in Fighting
 42033 | Snake:4  | Got a serpentine rune of Zot
 42246 | Swamp:1  | Entered Level 1 of the Swamp
 42525 | Swamp:1  | Noticed Nikola
 42538 | Swamp:1  | Killed Nikola
 42710 | Swamp:2  | Noticed Donald
 42721 | Swamp:1  | Killed Donald
 42858 | Swamp:2  | Reached XP level 19. HP: 135/163 MP: 30/30
 44220 | Swamp:4  | Entered Level 4 of the Swamp
 44220 | Swamp:4  | Noticed Mara
 44256 | Swamp:4  | Killed Mara
 44330 | Swamp:4  | Identified the +3 hat of the Unstoppable Eyes {Will+ Dex+3}
 44369 | Swamp:4  | Noticed a tentacled monstrosity
 44379 | Swamp:4  | Killed a tentacled monstrosity
 45161 | Swamp:4  | Got a decaying rune of Zot
 45592 | Vaults:1 | Entered Level 1 of the Vaults
 45634 | Vaults:1 | Reached XP level 20. HP: 119/176 MP: 31/31
 45662 | Vaults:1 | Identified the +9 dagger of the Sun {drain, Dex+3}
 45914 | Vaults:1 | Reached skill level 10 in Dodging
 47790 | Vaults:2 | Found a staircase to the Crypt.
 47980 | Vaults:2 | Reached skill level 15 in Polearms
 48640 | Vaults:2 | Reached XP level 21. HP: 95/183 MP: 32/32
 48843 | Vaults:2 | Reached skill level 16 in Polearms
 49366 | Vaults:3 | You fall into a shaft and drop 1 floor!
 49405 | Vaults:4 | Found a runed translucent gate.
 49405 | Vaults:4 | Found a runed translucent gate.
 49405 | Vaults:4 | Found a runed translucent gate.
 49784 | Vaults:4 | Found Vuwacs's Antique Weapon Shop.
 50066 | Vaults:3 | Found Xirel's Jewellery Shoppe.
 50069 | Vaults:3 | Acquired 849 gold pieces
 51605 | Vaults:4 | Noticed Sianeop's ghost (adept GrFi)
 51656 | Vaults:4 | Reached skill level 17 in Polearms
 51690 | Vaults:4 | Killed Sianeop's ghost
 51731 | Vaults:4 | Identified the ring "Natrud" {rN+ Will- Dex+6 Slay+2}
 51953 | Depths:1 | Entered Level 1 of the Depths
 52212 | Depths:1 | Found a bloodstained altar of Trog.
 52388 | Depths:1 | Found a one-way gate leading to the halls of Pandemonium.
 52396 | Depths:1 | Reached XP level 22. HP: 196/196 MP: 33/33
 52436 | Depths:1 | Found a gateway to Hell.
 52548 | Depths:1 | You fall into a shaft and drop 1 floor!
 52820 | Depths:2 | Found a hazy altar of Hepliaklqana.
 53074 | Depths:2 | Reached skill level 15 in Dodging
 53153 | Depths:2 | Reached skill level 1 in Summonings
 53269 | Depths:2 | Reached skill level 10 in Armour
 53518 | Depths:2 | Reached skill level 18 in Polearms
 53653 | Depths:1 | Found a one-way gate to the infinite horrors of the Abyss.
 53730 | Depths:1 | Learned a level 2 spell: Passwall
 53749 | Depths:1 | Reached skill level 1 in Transmutations
 53934 | Depths:1 | Found Oxusih's Book Boutique.
 53935 | Depths:1 | Found Fofebredd's Jewellery Shoppe.
 53936 | Depths:1 | Found Kullid's Book Boutique.
 54228 | Depths:2 | Reached skill level 1 in Earth Magic
 54613 | Vaults:3 | Bought the ring "Ham Qase" {Wiz +Blink SInv} for 1012 gold
                  | pieces
 54860 | Depths:2 | Found a runed translucent gate.
 54860 | Depths:2 | Found a runed translucent gate.
 54860 | Depths:2 | Noticed Ciomar's ghost (adept DgCj)
 54864 | Depths:2 | Found a runed translucent gate.
 54866 | Depths:2 | Found a viscous altar of Jiyva.
 54889 | Depths:2 | Killed Ciomar's ghost
 54890 | Depths:2 | Reached skill level 1 in Spellcasting
 54890 | Depths:2 | Reached skill level 5 in Summonings
 54956 | Depths:2 | Identified the ring "Kahof" {rPois rF+ rCorr Str-4 Dex+4}
 55072 | Depths:2 | Reached XP level 23. HP: 206/206 MP: 35/35
 55087 | Depths:3 | Found a gateway to a ziggurat.
 55543 | Depths:3 | Reached skill level 19 in Polearms
 55729 | Depths:3 | Noticed a caustic shrike
 55743 | Depths:3 | Noticed a caustic shrike
 55746 | Depths:3 | Killed a caustic shrike
 56095 | Depths:3 | Escaped the Abyss
 56197 | Depths:3 | Reached skill level 20 in Polearms
 56733 | Depths:3 | Killed a caustic shrike
 56920 | Depths:3 | Got the Collected Works on the Destructive Volcanoes
 57245 | Depths:3 | Reached skill level 10 in Summonings
 57290 | Depths:3 | Reached skill level 21 in Polearms
 57598 | Depths:4 | Reached XP level 24. HP: 213/214 MP: 35/35
 57678 | Depths:4 | Found Gaysorru's Changing Room.
 57875 | Depths:4 | Noticed the Enchantress
 57902 | Depths:4 | Killed the Enchantress
 58096 | Depths:4 | Learned a level 6 spell: Shadow Creatures
 58234 | Depths:4 | Learned a level 5 spell: Summon Forest
 58265 | Depths:4 | Identified the +3 hunting sling "Cimutibb" {freeze, Drain
                  | rPois rN+++}
 58492 | Depths:5 | Entered Level 5 of the Depths
 58823 | Depths:5 | Found a gate to the Realm of Zot.
 58909 | Depths:5 | Found a blossoming altar of Fedhas.
 58910 | Depths:5 | Found a shadowy altar of Dithmenos.
 58911 | Depths:5 | Found an ancient bone altar of Kikubaaqudgha.
 59181 | Depths:5 | Noticed a juggernaut
 59205 | Depths:5 | Killed a juggernaut
 59542 | Depths:5 | Noticed a juggernaut
 59781 | Depths:5 | Killed a juggernaut
 59790 | Depths:5 | Learned a level 7 spell: Summon Hydra
 59815 | Depths:5 | Identified the +0 scale mail of Wasted Space {rPois Str+2}
 59837 | Depths:5 | Reached XP level 25. HP: 157/221 MP: 35/35
 59970 | Depths:5 | Noticed a juggernaut
 59981 | Depths:5 | Killed a juggernaut
 60618 | Snake:2  | Killed SomeStars's ghost
 60864 | Crypt:1  | Entered Level 1 of the Crypt
 61557 | Crypt:1  | Reached skill level 15 in Summonings
 61880 | Crypt:2  | Found a huge runed gate.
 61880 | Crypt:2  | Found a huge runed gate.
 61880 | Crypt:2  | Found a huge runed gate.
 61880 | Crypt:2  | Found a huge runed gate.
 61880 | Crypt:2  | Found a huge runed gate.
 61880 | Crypt:2  | Found a huge runed gate.
 61880 | Crypt:2  | Found a huge runed gate.
 61880 | Crypt:2  | Found a huge runed gate.
 61880 | Crypt:2  | Found a huge runed gate.
 61904 | Crypt:2  | Found a huge runed gate.
 61904 | Crypt:2  | Found a huge runed gate.
 61904 | Crypt:2  | Found a huge runed gate.
 61904 | Crypt:2  | Found a huge runed gate.
 61904 | Crypt:2  | Found a huge runed gate.
 61904 | Crypt:2  | Found a huge runed gate.
 62091 | Crypt:2  | Found a huge runed gate.
 62091 | Crypt:2  | Found a huge runed gate.
 62423 | Crypt:2  | Found a huge runed gate.
 62423 | Crypt:2  | Found a huge runed gate.
 62432 | Crypt:2  | Found a huge runed gate.
 62433 | Crypt:2  | Found a huge runed gate.
 62434 | Crypt:2  | Found a huge runed gate.
 62435 | Crypt:2  | Found a huge runed gate.
 62441 | Crypt:2  | Found a huge runed gate.
 62442 | Crypt:2  | Found a huge runed gate.
 62443 | Crypt:2  | Found a huge runed gate.
 62444 | Crypt:2  | Found a huge runed gate.
 62927 | Crypt:2  | Noticed a royal mummy
 62947 | Crypt:2  | Killed a royal mummy
 62957 | Crypt:2  | Identified the +5 scale mail of the Fiend {Harm}
 63076 | Crypt:2  | Identified the +2 scale mail "Hobidoj" {rC+ Int+3}
 63077 | Crypt:2  | Noticed a royal mummy
 63103 | Crypt:2  | Killed a royal mummy
 63159 | Crypt:2  | Noticed a royal mummy
 63159 | Crypt:2  | Found the +7 sceptre of Torment {pain, torment}
 63625 | Crypt:2  | Found a huge runed gate.
 63686 | Crypt:2  | Killed a royal mummy
 63858 | Crypt:3  | Entered Level 3 of the Crypt
 63901 | Crypt:3  | Found the +7 great mace "Undeadhunter" {disrupt, rN+}
 64122 | Crypt:3  | Reached XP level 26. HP: 205/231 MP: 35/35
 64349 | Crypt:3  | Found a staircase to the Tomb.
 64978 | Crypt:3  | Noticed an ancient lich
 65028 | Crypt:3  | Noticed an ancient lich
 65196 | Crypt:3  | Killed an ancient lich
 65217 | Crypt:3  | Killed an ancient lich
 65252 | Crypt:3  | Identified the ring "Ikkomasu" {rN+ Dex+3}
 65252 | Crypt:3  | Identified the ring of Xuetid {rPois rN+}
 65252 | Crypt:3  | Identified the ring "Uferr" {rPois rF++ rN+ Dex-3 Stlth+}
 65852 | Crypt:2  | Noticed a dread lich
 65853 | Crypt:2  | HP: 8/213 [eidolon/bolt of negative energy (55)]
 66550 | Crypt:2  | Reached skill level 5 in Spellcasting
 66601 | Crypt:2  | Killed a dread lich
 66945 | Elf:1    | Entered Level 1 of the Elven Halls
 67107 | Elf:1    | Got the Grimoire of Battle Magic
 67292 | Elf:1    | Found a shimmering blue altar of Sif Muna.
 67749 | Elf:1    | Paralysed by an air elemental for 1 turns
 68368 | Elf:2    | Found a runed translucent gate.
 68369 | Elf:2    | Found a runed translucent gate.
 68369 | Elf:2    | Found a runed translucent gate.
 68854 | Elf:3    | Entered Level 3 of the Elven Halls
 69239 | Depths:1 | Bought a Grand Grimoire for 408 gold pieces
 69248 | Depths:1 | Learned a level 8 spell: Summon Horrible Things
 69656 | Elf:3    | Found a radiant altar of Vehumet.
 69755 | Elf:3    | Reached XP level 27. HP: 238/238 MP: 35/35
 70402 | Elf:3    | Identified the +5 bardiche of Popular Demand {flame, rF-
                  | MP+9 Dex+3 SInv}
 70561 | Elf:3    | Identified the +8 mace of Gozag's Indignation {holy,
                  | Fragile rN+ Str+7}
 70589 | Elf:3    | Identified the +8 falchion of Spring {freeze, rN+ Str+3
                  | Int+3}
 70662 | Elf:3    | Identified the +8 longbow of Bumihoz {speed, +Blink Fly
                  | rF-}
 70761 | Elf:3    | Identified the +1 ring mail of Barhiege {rCorr Str+2}
 71042 | Vaults:5 | Entered Level 5 of the Vaults
 71210 | Vaults:5 | Corrupted Vaults:5
 71211 | Vaults:5 | Noticed Mennas
 71577 | Vaults:5 | Reached skill level 22 in Polearms
 71613 | Vaults:5 | Noticed Jory
 71636 | Vaults:5 | Killed Jory
 71744 | Vaults:5 | Identified the +8 hand axe "Siakkorch" {antimagic, Str+7
                  | Int+4}
 71746 | Vaults:5 | Got a silver rune of Zot
 72580 | Vaults:5 | Killed Mennas
 72703 | Vaults:5 | Identified the +5 short sword "Viukh" {vorpal, Int+5
                  | Stlth+}
 72769 | Vaults:5 | Got the Collected Works on Dark Conjuration
 72771 | Vaults:5 | Got Loexku's Reference Book on Confrontation
 72809 | Vaults:5 | Identified the amulet "Fuxon" {RegenMP -Tele rF+ rCorr
                  | Dex+4}
 72824 | Vaults:5 | Identified the +4 mace "Ciat" {flame, rC+ Int+2 Dex-3}
 72824 | Vaults:5 | Identified the +1 robe of Atheism {-Tele rN+ Int+4}
 72912 | Vaults:5 | Noticed an ancient lich
 72940 | Vaults:5 | Killed an ancient lich
 73221 | Vaults:5 | Reached skill level 23 in Polearms
 74096 | Vaults:5 | Identified the ring "Roun" {Wiz Str+5}
 74117 | Vaults:5 | Noticed Saint Roka
 74121 | Vaults:5 | Identified the ring of Compulsion {rC+ Int+2 Dex+7}
 74214 | Vaults:4 | Killed Saint Roka
 75129 | D:5      | Bought a potion of haste for 140 gold pieces
 75129 | D:5      | Bought a potion of haste for 140 gold pieces
 75129 | D:5      | Bought 2 potions of heal wounds for 140 gold pieces
 75844 | Slime:1  | Entered Level 1 of the Pits of Slime
 75880 | Slime:1  | Reached skill level 1 in Translocations
 75932 | Slime:1  | Gained mutation: Your body sometimes deteriorates upon
                  | taking damage. [a shining eye]
 76016 | Slime:2  | Gained mutation: You are frail. (-10% HP) [a shining eye]
 76055 | Slime:2  | Paralysed by a floating eye for 3 turns
 76274 | Slime:5  | Entered Level 5 of the Pits of Slime
 76766 | Slime:5  | Reached skill level 5 in Translocations
 76776 | Slime:5  | Learned a level 7 spell: Malign Gateway
 77066 | Slime:5  | Noticed the Royal Jelly
 77091 | Slime:5  | Killed the Royal Jelly
 77092 | Slime:5  | Reached skill level 10 in Stealth
 77298 | Slime:5  | Learned a level 3 spell: Lesser Beckoning
 77305 | Slime:5  | Learned a level 6 spell: Dispersal
 77341 | Slime:5  | Identified the +0 battleaxe "Hupsokh" {venom, *Rage rElec
                  | Int+4 Dex+7}
 77361 | Slime:5  | Identified the +1 cloak "Onedupul" {Harm Dex+4}
 77362 | Slime:5  | Identified the +3 plate armour of Defence {Rampage Int+4
                  | Slay+2}
 77410 | Slime:5  | Got a slimy rune of Zot
 77411 | Slime:5  | Identified the +0 kite shield "Qoutierr" {+Inv rF+}
 77426 | Slime:5  | Identified the +5 trident of the Ten Hosts {elec, Fly rN+
                  | Int-5}
 77445 | Slime:5  | Identified the +2 scimitar of the Viper {drain, rF+ Will+
                  | Int-3 SInv}
 77461 | Slime:5  | Identified the +7 rapier of the Ageing Fulmar {drain,
                  | +Blink rN+}
 77462 | Slime:5  | Identified the +2 pair of boots of the Lute {Contam rPois
                  | Str+3}
 78159 | Zot:1    | Entered Level 1 of the Realm of Zot
 78166 | Zot:1    | Upgraded the game from 0.27.1-3-gb3d3a73c9e to
                  | 0.27.1-4-g1640c2035a
 78221 | Zot:1    | You fall into a shaft and drop 1 floor!
 78785 | Zot:2    | Reached skill level 10 in Evocations
 78949 | Zot:2    | Noticed an orb of fire
 78971 | Zot:2    | Killed an orb of fire
 78972 | Zot:2    | Identified a +9 demon trident of distortion (a +9 demon
                  | trident of electrocution corrupted by Lugonu)
 78972 | Zot:2    | Received a gift from Lugonu
 79252 | Zot:1    | Identified the +7 shortbow of the Several Friars {flame,
                  | Fly rElec rF- Int+9}
 79356 | Zot:1    | Acquired the +0 pair of fencer's gloves {Riposte Dex+3}
 79356 | Zot:1    | Found the +0 pair of fencer's gloves {Riposte Dex+3}
 79558 | Zot:1    | Reached skill level 10 in Translocations
 80891 | Zot:3    | Found the +27 Lear's hauberk
 81043 | Zot:3    | Acquired a manual of Translocations
 81429 | Depths:5 | Voluntarily entered the Abyss.
 81429 | Abyss:1  | Found a corrupted altar of Lugonu.
 81438 | Abyss:1  | Banished Rupert
 81554 | Abyss:1  | Reached skill level 24 in Polearms
 82142 | Abyss:1  | Found a corrupted altar of Lugonu.
 82700 | Abyss:2  | Paralysed by accursed screaming for 1 turns
 82724 | Abyss:2  | Got the Tome of the Blaze and Arcane Weapons
 83157 | Abyss:3  | Reached skill level 15 in Translocations
 83688 | Abyss:3  | Found a corrupted altar of Lugonu.
 83770 | Abyss:3  | Paralysed by accursed screaming for 1 turns
 83949 | Abyss:3  | Reached skill level 10 in Spellcasting
 83978 | Abyss:3  | Identified the +1 scale mail of Hospitality {rCorr Int-5
                  | Slay+3}
 84269 | Abyss:3  | Reached skill level 25 in Polearms
 84553 | Abyss:3  | Paralysed by accursed screaming for 1 turns
 84957 | Abyss:3  | Reached skill level 26 in Polearms
 85154 | Abyss:3  | Identified the ring "Jaumimoc" {Wiz Stlth+}
 85234 | Abyss:3  | Gained mutation: You are very frail. (-20% HP) [a neqoxec]
 85255 | Abyss:3  | Found a corrupted altar of Lugonu.
 85577 | Abyss:3  | Paralysed by accursed screaming for 1 turns
 85597 | Abyss:3  | Got the Grimoire of Weightlessness
 85599 | Abyss:3  | Identified the +4 short sword of the Manifold Yaks {vamp,
                  | rPois Str-2 Int+5 Stlth+}
 85792 | Abyss:3  | Gained mutation: You sometimes lose the ability to read
                  | scrolls when taking damage. [a cacodemon]
 86103 | Abyss:3  | Found a glowing golden altar of the Shining One.
 86205 | Abyss:3  | Noticed a juggernaut
 86211 | Abyss:3  | Killed a juggernaut
 86216 | Abyss:3  | Got an abyssal rune of Zot
 86221 | Depths:5 | Escaped the Abyss
 86704 | Zot:4    | Lost mutation: Your body sometimes deteriorates upon taking
                  | damage. [potion of mutation]
 86704 | Zot:4    | Lost mutation: You sometimes lose the ability to read
                  | scrolls when taking damage. [potion of mutation]
 86704 | Zot:4    | Gained mutation: Your mind is acute. (Int +2) [potion of
                  | mutation]
 86704 | Zot:4    | Gained mutation: You tend to lose your temper in combat.
                  | [potion of mutation]
 86704 | Zot:4    | Lost mutation: You are very frail. (-20% HP) [potion of
                  | mutation]
 87302 | Zot:5    | Entered Level 5 of the Realm of Zot
 87549 | Zot:5    | Noticed an orb of fire
 87553 | Zot:5    | Noticed an orb of fire
 87555 | Zot:5    | Noticed an ancient lich
 87561 | Zot:5    | Killed an ancient lich
 87567 | Zot:5    | Killed an orb of fire
 87574 | Zot:5    | Noticed an orb of fire
 87575 | Zot:5    | Gained mutation: You sometimes lose the ability to read
                  | scrolls when taking damage. [an orb of fire]
 87579 | Zot:5    | Noticed an orb of fire
 87583 | Zot:5    | Noticed an ancient lich
 87589 | Zot:5    | Noticed an orb of fire
 87589 | Zot:5    | Gained mutation: Your body sometimes deteriorates upon
                  | taking damage. [an orb of fire]
 87594 | Zot:5    | Killed an orb of fire
 87596 | Zot:5    | Gained mutation: Your body often deteriorates upon taking
                  | damage. [an orb of fire]
 87598 | Zot:5    | Gained mutation: You are weak. (Str -2) [an orb of fire]
 87599 | Zot:5    | Gained mutation: Your spells are a little harder to cast,
                  | but a little more powerful. [an orb of fire]
 87609 | Zot:5    | Noticed an orb of fire
 87621 | Zot:5    | Lost mutation: You are frail. (-10% HP) [potion of
                  | mutation]
 87621 | Zot:5    | Lost mutation: You tend to lose your temper in combat.
                  | [potion of mutation]
 87621 | Zot:5    | Gained mutation: You are clumsy. (Dex -2) [potion of
                  | mutation]
 87621 | Zot:5    | Lost mutation: You are clumsy. (Dex -2) [potion of
                  | mutation]
 87621 | Zot:5    | Gained mutation: You are robust. (+10% HP) [potion of
                  | mutation]
 87621 | Zot:5    | Noticed an orb of fire
 87631 | Zot:5    | Corrupted Zot:5
 87633 | Zot:5    | Lost mutation: You sometimes lose the ability to read
                  | scrolls when taking damage. [potion of mutation]
 87633 | Zot:5    | Lost mutation: Your body often deteriorates upon taking
                  | damage. [potion of mutation]
 87633 | Zot:5    | Gained mutation: You occasionally shout uncontrollably at
                  | your foes. [potion of mutation]
 87637 | Zot:5    | Gained mutation: You evolve. [an orb of fire]
 87641 | Zot:5    | HP: 3/261 [Orb Guardian (27)]
 87641 | Zot:5    | Mangled by a tentacled monstrosity

Illustrated notes

Levels and vault maps discovered:
D:1:      scummos_arrival_hexagon, layout_basic
D:2:      layout_rooms, serial_forest, infiniplex_forest_lined_2,
          infiniplex_forest_clump_small, infiniplex_forest_end_3,
          infiniplex_forest_straight_3, infiniplex_forest_clump_cross,
          infiniplex_forest_straight_1, ebering_ecumenical_altar_abandoned,
          st_stairs_7, serial_bayou_pond_a, uniq_sigmund
D:3:      layout_basic
D:4:      layout_basic, cheibriados_altar_1, makhleb_heckhound_becter,
          okawaru_gym_becter, minmay_temple_entry_hall,
          lightli_sewer_entry_pipes
D:5:      layout_rooms, elyvilon_altar_1, kiku_gazebo_garden_becter,
          grunt_dithmenos_shadows, nicolae_inconvenience_store,
          solitary_fountain, corexii_corridor_pit
D:6:      layout_basic, mainiacjoe_overflow_catch_the_wave
D:7:      nzn_winding_woodlands_cross [nzn_winding_woodlands_5x15_garden,
          nzn_winding_woodlands_5x15_cabin, nzn_winding_woodlands_5x15_parted,
          nzn_winding_woodlands_5x15_zeroes,
          nzn_winding_woodlands_15x15_killbox], layout_loops_corners,
          mainiacjoe_overflow_alcove_4, st_stairs_8, uniq_duvessa
D:8:      layout_loops_corners, nicolae_yredelemnul_corpse_copse,
          mainiacjoe_overflow_24_doors, hangedman_ranch, uniq_gastronok,
          uniq_grum, uniq_pikel, uniq_maurice
D:9:      cheibrodos_statue_roulette, layout_long_grid,
          nicolae_tso_carved_into_rock, minmay_crystal_room,
          chequers_serial_rivers_micro_c, the_hattery
D:10:     layout_basic, nicolae_qazlal_style_of_elements,
          general_overflow_altar, nicolae_uskayaw_en_pointe, orc_0_dummy,
          evilmike_minifort
D:11:     layout_basic, david_lair_generic
D:12:     layout_rooms, minmay_misc_feat_secret_circle,
          minmay_fractal_squares_gapless_7, uniq_jorgrun
D:13:     layout_cave_pods, lightli_vaults_fourway_checkpoint, serial_shops,
          shop
D:14:     layout_irregular_city, uniq_roxanne
D:15:     hangedman_depths_entry_try_elsewhere_first, layout_cross,
          grunt_gozag_breadcrumbs
Lair:1:   layout_loops_ring, lemuel_fruit_tree
Lair:2:   layout_hall_layers, skrybe_swamp_entry_bodies, grunt_megastairs_3
Lair:3:   layout_roguey, minmay_snake_entry_guardpost_small, grunt_megastairs_1,
          uniq_sonja
Lair:4:   layout_roguey, gammafunk_ghost_hive, grunt_megastairs_4
Lair:5:   minmay_lair_oklob_tunnel, layout_small_grid,
          infiniplex_staircase_pool_2, minmay_lair_oklob_chamber
Lair:6:   guppyfry_lair_end_dragon, layout_cave_pods, wormcave, slime_altar_1,
          grunt_megastairs_5, infiniplex_staircase_pool
Swamp:1:  layout_basic_swamp, nicolae_swamp_tree_isthmus, uniq_nikola
Swamp:2:  layout_basic_swamp, nicolae_swamp_triple_paths, swamp_pool4,
          nicolae_swamp_little_swirl, uniq_donald
Swamp:3:  nicolae_swamp_wrong_neighborhood, layout_basic_swamp,
          nicolae_swamp_small_spring
Swamp:4:  swamp_basic_johnstein, layout_basic_swamp, uniq_mara
Snake:1:  nicolae_snake_shooting_gallery, layout_grid_maze, serial_shops,
          nicolae_shop_trees, serial_bayou_pond_e, uniq_aizul
Snake:2:  layout_onion, special_room, basic_altar, ebering_ghost_xom,
          portal_ice_cave_entry_frozen_things, nicolae_shop_overcharged_wands
Snake:3:  layout_cave_town
Snake:4:  snake_pit_salamanders_mu, layout_cave_town, uniq_vashnia
Slime:1:  layout_caves
Slime:2:  layout_caves
Slime:3:  layout_caves
Slime:4:  layout_caves
Slime:5
Orc:1:    layout_caves, serial_shops, nicolae_diamond_shop,
          chequers_guarded_unrand_ignorance
Orc:2:    st_orc_congregation, layout_caves, basic_altar,
          gauntlet_entry_generic, bh_open_orc_temple, uniq_rupert
Elf:1:    layout_onion_city, basic_altar, minmay_elf_annihilation,
          serial_sigils_hangedman_leer
Elf:2:    nicolae_elf_blades_crystal_corner, layout_geoelf_grid
Elf:3:    minmay_elf_hall_spiked, layout_gridlike, basic_altar
Vaults:1: v_misc_4, v_misc_2, ontoclasm_vaults_spin, v_misc_29,
          nicolae_vaults_an_arrangement, nicolae_vaults_yaktaur_gun_rack,
          layout_vaults_omnigrid
Vaults:2: v_alt_pattern_4, nicolae_vaults_little_ls,
          minmay_crypt_entry_simple_statues,
          vaults_standard_mumra_enter_the_diamond, nicolae_vaults_octagons,
          vaults_room_stairs_pillars, hangedman_vaults_stream,
          ontoclasm_vaults_twist, vaults_dpeg_diagonal, vaults_dpeg_doors,
          grunt_vaults_diagonal, ontoclasm_vaults_shuriken,
          vaults_standard_mumra_enter_the_diamond, vaults_room_pool,
          layout_vaults_omnibox
Vaults:3: grunt_vaults_bifocal, nicolae_vaults_alarming, v_misc_19,
          hangedman_vaults_capsules, ontoclasm_vaults_tryst,
          nicolae_vaults_rhombus_6, nicolae_vaults_diagonal_hallway_6,
          layout_vaults_chaotic_city, serial_shops, nicolae_shop_window_shopping
Vaults:4: gammafunk_vaults_ghost_necromancy, nicolae_vaults_mini_display_case,
          vaults_mumra_lcd, hangedman_vaults_hard_town_square, v_misc_3,
          v_misc_11, hangedman_vaults_nodes, ontoclasm_vaults_misaligned,
          vaults_dpeg_encased_lava, ontoclasm_vaults_eye, v_misc_30,
          layout_vaults_omnicross, serial_shops, nicolae_shop_waterfront
Vaults:5: serial_shops, uniq_mennas, uniq_saint_roka, uniq_jory
Crypt:1:  layout_catacombs
Crypt:2:  minmay_guarded_unrand_sceptre_of_torment, layout_basic, door_vault
Crypt:3:  david_glass_crypt, layout_misc_corridors
Depths:1: layout_gridlike, abyss_entry, hell_entry, rand_demon_pan_entry_5,
          evilmike_spriggan_trog_shrine, serial_bayou_shore_a, minmay_shop_grove
Depths:2: hangedman_screamer, layout_basic, minmay_crystal_water,
          grunt_hell_horde, gammafunk_ghost_ooze,
          nicolae_hepliaklqana_hazy_memory
Depths:3: angbandy_vault, layout_cave_shapes, enter_ziggurat_e, hell_entry,
          rand_demon_pan_entry_7, minmay_serpent_palace
Depths:4: kennysheep_oblong_rooms, layout_cave_pools, kennysheep_cluttered_room,
          hangedman_abyss_entry_splay, pf_hell_entry_tar_spiral,
          chequers_serial_rivers_micro_c, nicolae_water_bricks,
          minmay_misc_feat_rugged, minmay_misc_feat_alley,
          nicolae_transmutations_shop, uniq_enchantress
Depths:5: hangedman_slaughterboxes, hell_entry, abyss_entry, pan_entry
Zot:1:    lemuel_draconian_sentries_small, layout_gridlike
Zot:2:    layout_concentric_octagons
Zot:3:    layout_misc_corridors, grunt_ministairs_14
Zot:4:    layout_gridville, drop_trap, bh_zot_ikea_curve
Zot:5:    layout_cathedral_of_symmetry

Skill      XL: |  1  2  3  4  5  6  7  8  9 10 11 12 13 14 15 16 17 18 19 20 21 22 23 24 25 26 27 |
---------------+----------------------------------------------------------------------------------+-----
Polearms       | 4 5 6 7 8 9 11 14 15 17 18 21 26 | 26.6
Fighting       | 4 5 6 7 9 11 14 18 20 22 23 24 | 24.0
Stealth        | 1 2 3 4 5 8 11 | 11.0
Armour         | 1 2 3 4 5 6 8 9 10 12 13 14 | 14.8
Dodging        | 4 6 9 12 14 15 17 20 | 20.4
Evocations     | 3 7 10 | 10.7
Invocations    | 5 7 9 10 12 15 16 17 | 17.0
Shields        | 2 9 11 13 14 15 | 15.0
Throwing       | 4 11 13 14 16 | 16.0
Summonings     | 5 10 14 15 18 23 | 23.0
Transmutations | 4 |  4.0
Earth Magic    | 2 |  2.0
Spellcasting   | 2 4 8 10 | 10.0
Translocations | 15 | 15.5

Action                   |  1- 3 |  4- 6 |  7- 9 | 10-12 | 13-15 | 16-18 | 19-21 | 22-24 | 25-27 || total
-------------------------+-------+-------+-------+-------+-------+-------+-------+-------+-------++-------
Melee: Spear             |   131 |       |       |       |       |       |       |       |       ||   131
       Tailslap          |     1 |     3 |       |    21 |    22 |     7 |    17 |     2 |    14 ||    87
       Trident           |       |   268 |   184 |   708 |  2371 |   634 |       |       |       ||  4165
       Halberd           |       |       |   202 |   392 |       |       |       |       |       ||   594
       Hand axe          |       |       |       |     6 |       |       |       |       |       ||     6
       Flail             |       |       |       |       |    81 |       |       |       |       ||    81
       Demon trident     |       |       |       |       |       |  1339 |  1796 |  1896 |  4730 ||  9761
       Trishula          |       |       |       |       |       |       |       |       |    19 ||    19
 Fire: Hunting sling     |     7 |    75 |    11 |    28 |       |       |       |       |       ||   121
Throw: Stone             |     4 |    10 |    48 |    23 |    15 |       |   169 |    63 |   511 ||   843
       Dart              |       |       |     4 |       |       |    32 |       |       |       ||    36
       Boomerang         |       |       |       |       |   204 |   241 |       |     2 |     6 ||   453
       Javelin           |       |       |       |       |       |       |     3 |     4 |     2 ||     9
 Cast: Shadow Creatures  |       |       |       |       |       |       |       |     8 |     6 ||    14
       Summon Forest     |       |       |       |       |       |       |       |     3 |     4 ||     7
       Summon Hydra      |       |       |       |       |       |       |       |       |    16 ||    16
       Summon Horrible T |       |       |       |       |       |       |       |       |    14 ||    14
       Malign Gateway    |       |       |       |       |       |       |       |       |     4 ||     4
Invok: Depart the Abyss  |     1 |       |       |       |       |       |       |     1 |       ||     2
       Corrupt           |       |       |       |       |     1 |       |       |       |     2 ||     3
       Banish            |       |       |       |       |     1 |     7 |     3 |       |       ||    11
       Bend Space        |       |       |       |       |       |     3 |       |     1 |     6 ||    10
       Enter the Abyss   |       |       |       |       |       |       |       |     1 |       ||     1
       Brand Weapon With |       |       |       |       |       |       |       |       |     1 ||     1
Evoke: Wand              |       |       |     1 |     1 |       |     5 |       |     6 |     1 ||    14
       Lightning rod     |       |       |       |       |     3 |     4 |       |       |       ||     7
       Condenser vane    |       |       |       |       |       |     2 |       |     2 |     1 ||     5
       Box of beasts     |       |       |       |       |       |     3 |       |     1 |     2 ||     6
  Use: Scroll            |       |     4 |     7 |     3 |    12 |    20 |     4 |     7 |    24 ||    81
       Potion            |       |     1 |     2 |     6 |     1 |     4 |       |     4 |    24 ||    42
 Stab: Sleeping          |       |     2 |     2 |     1 |     4 |     7 |     8 |     6 |    32 ||    62
       Distracted        |       |       |     2 |     1 |     4 |     4 |     2 |     9 |    51 ||    73
       Confused          |       |       |       |       |       |     3 |       |     4 |       ||     7
Armor: Ring mail         |    32 |    46 |       |       |       |       |       |       |       ||    78
       Leather armour    |     1 |       |       |       |       |       |       |       |       ||     1
       Scale mail        |       |    17 |   150 |   399 |   592 |   517 |   371 |   364 |       ||  2410
       Acid dragon scale |       |       |       |       |    52 |       |       |    72 |   646 ||   770
Dodge: Dodged            |    39 |   111 |   156 |   328 |   487 |   467 |   438 |   579 |  1468 ||  4073
Block: Kite shield       |       |       |       |   221 |   901 |  1023 |   705 |   795 |  1645 ||  5290
       Rpst.: Demon trident |       |       |       |       |       |       |       |       |    85 ||    85
       Trishula          |       |       |       |       |       |       |       |       |     3 ||     3
